 Dungeon Crawl Stone Soup version bcrawl-1.27.5 (console) character file.

Game seed: 5915650151611412297

314203 FIQ the Basher (level 9, -5/54 HPs)
             Began as a Jungle Stalker Archaeologist on Aug 13, 2020.
             Was a Follower of Okawaru.
             Slain by an orc warrior
             ... wielding a +0 halberd
              (24 damage)
             ... on level 6 of the Dungeon.
             The game lasted 00:26:52 (5237 turns).

FIQ the Basher (Jungle Stalker Archaeologist)       Turns: 5237, Time: 00:26:53

Health: -5/54      AC:  6    Str: 21    XL:     9   Next: 46%
Magic:  9/10       EV: 15    Int: 14    God:    Okawaru [*.....]
Gold:   323        SH:  4    Dex: 11    Spells: 8/8 levels left

rFire    . . .     SeeInvis .   a - +0 whip
rCold    + . .     Gourm    .   (no shield)
rNeg     . . .     Faith    .   b - +1 robe
rPois    +         Spirit   .   c - +1 hat
rElec    .         Reflect  +   (no cloak)
rCorr    +         Harm     .   (no gloves)
MR       .....                  d - +1 pair of boots
Stlth    ++++......             f - amulet "Coaruos" {Reflect +Blink rC+ Str+4 Dex-2 SH+4}
HPRegen  0.58/turn              i - ring of resist corrosion
MPRegen  0.12/turn              t - ring of stealth

@: no status effects
A: fangs 3, poison resistance, regeneration 1, acidic bite, no potion heal 3,
rot immunity, strong jaws
a: Heroism, Renounce Religion, Evoke Blink


You were on level 6 of the Dungeon.
You worshipped Okawaru.
Okawaru was aware of your devotion.
You were not hungry.

You visited 1 branch of the dungeon, and saw 6 of its levels.

You collected 323 gold pieces.

Inventory:

Hand Weapons
 a - a +0 whip (weapon)
 n - a +0 hand axe of freezing
 s - a -1 short sword
Armour
 b - a +1 robe (worn)
 c - a +1 hat (worn)
 d - a +1 pair of boots (worn)
Jewellery
 f - the amulet "Coaruos" (around neck) {Reflect +Blink rC+ Str+4 Dex-2 SH+4}
   (You acquired it on level 3 of the Dungeon)

   [amulet of reflection]

   It shields you and reflects attacks.
   It affects your strength (+4).
   It affects your dexterity (-2).
   It protects you from cold.
   It lets you blink.
   It affects your SH (+4).
 i - a ring of resist corrosion (left hand)
 l - a +4 ring of intelligence
 r - the cursed amulet of Egoduer {Inacc rElec}
   (You found it on level 4 of the Dungeon)

   [amulet of inaccuracy]

   It reduces the accuracy of all your attacks.
   It insulates you from electricity.
   It has a curse placed upon it.
 t - a ring of stealth (right hand)
 z - a +3 ring of strength {unknown}
Wands
 q - a wand of disintegration (16)
 v - a wand of acid (4)
Scrolls
 g - 2 scrolls of magic mapping
 j - 3 scrolls of teleportation
 k - a scroll of blinking
 m - 6 scrolls of remove curse
 p - a scroll of amnesia {unknown}
 u - 2 scrolls of identify
 y - a scroll of immolation {unknown}
Potions
 h - 2 potions of brilliance
 o - a potion of curing
 x - a potion of flight
 A - a potion of berserk rage
Comestibles
 e - 6 rations {!d}
 w - a chunk of flesh


   Skills:
 + Level 5.6 Fighting
 * Level 8.0 Maces & Flails
 + Level 6.9 Dodging
 - Level 4.4 Stealth
 + Level 0.0 Invocations


You had 8 spell levels left.
You didn't know any spells.
Your spell library contained the following spells:

 Spells                   Type           Power        Failure   Level  Hunger
 Flame Tongue             Conj/Fire      #....        28%         1    None
 Flaming Arrows           Chrm/Fire      #.......     41%         2    ####...
 Conjure Flame            Conj/Fire      #.......     65%         3    #####..
 Inner Flame              Hex/Fire       N/A          65%         3    #####..
 Sticky Flame             Conj/Fire      #.......     96%         4    ######.
 Fireball                 Conj/Fire      #.........   100%        5    #######


Dungeon Overview and Level Annotations

Branches:
Dungeon (6/12)             Temple (0/1) D:6

Altars:
Ashenzari
Makhleb
Okawaru
Ru
Trog
Xom
Yredelemnul
Zin
The Shining One

Annotations:
D:3 2 exclusions
D:5 1 exclusion


Innate Abilities, Weirdness & Mutations

You have razor-sharp teeth.
Your system is resistant to poisons. (rPois)
Your natural rate of healing is unusually fast.
You have acidic saliva.
Potions cannot restore your health.
You are immune to rotting.
Your bites deal extra damage.


Message History

You block the orc's attack. The orc warrior closely misses you.
The orc barely misses you. The orc misses you.
The orc warrior hits you from afar with a +0 halberd!
The orc closely misses you.
You are too injured to fight recklessly!
You are too injured to fight recklessly!
You are too injured to fight recklessly!
You are too injured to fight recklessly!
You are too injured to fight recklessly!
You are too injured to fight recklessly!
You are too injured to fight recklessly!
You are too injured to fight recklessly!
You are too injured to fight recklessly!
You blink.
You feel slightly more hungry.
The orc wizard points at you and mumbles some strange words.
The puff of flame hits you.
The orc wizard miscasts a cantrip.
The orc warrior hits you from afar with a +0 halberd!!
You die...

......#....# # #...###..
...........# ...####...#...
........... ..............
.................#............###
.............................## #
.>..................###.....##
....... .............##......#
...... .....................#
.....................##
#.................##..#
#......@........####.#
##.....o....##..## #.##
#.###.o.oo###...###..## ..
###..o###...##.###. #
##.#..##..#### ## #####.#### ###


You could see an orc warrior, 2 orc wizards and 2 orcs.

Vanquished Creatures
  A hippogriff (D:5)
  Prince Ribbit (D:4)
  A yak (D:5)
  A water moccasin (D:6)
  An orc warrior (D:3)
  4 sky beasts
  An ice beast (D:5)
  A necrophage (D:3)
  2 ogres
  2 centaurs
  2 scorpions
  A crimson imp (D:6)
  2 hounds (D:6)
  A jelly (D:4)
  2 orc priests (D:6)
  2 bullfrog skeletons
  4 iguanas
  An orc wizard (D:4)
  5 worker ants
  A howler monkey zombie (D:5)
  An adder (D:5)
  A howler monkey skeleton (D:2)
  2 shadow imps
  2 oozes
  4 worms
  A dart slug (D:4)
  3 leopard geckos
  11 orcs
  4 giant cockroaches
  8 goblins
  7 hobgoblins
  13 jackals
  4 quokkas
  7 bats
  3 frilled lizards
  5 kobolds
  2 rats (D:1)
114 creatures vanquished.

Vanquished Creatures (others)
  A centaur (D:6)
1 creature vanquished.

Grand Total: 115 creatures vanquished

Notes
Turn   | Place    | Note
-------+----------+-------------------------------------------
     0 | D:1      | FIQ the Vine Stalker Archaeologist began the quest for the
                  | Orb.
     0 | D:1      | Reached XP level 1. HP: 11/11 MP: 2/2
    43 | D:1      | Reached skill level 1 in Maces & Flails
    50 | D:1      | Reached skill level 1 in Fighting
    50 | D:1      | Reached XP level 2. HP: 11/16 MP: 3/3
   797 | D:2      | Reached XP level 3. HP: 20/20 MP: 4/4
   808 | D:2      | Reached skill level 2 in Maces & Flails
  1376 | D:2      | Reached XP level 4. HP: 26/26 MP: 5/5
  1884 | D:3      | Reached XP level 5. HP: 29/30 MP: 6/6
  1884 | D:3      | Identified a scroll of acquirement
  1885 | D:3      | Identified the amulet "Coaruos" {Reflect +Blink rC+ Str+4
                  | Dex-2 SH+4} (You acquired it on level 3 of the Dungeon)
  1910 | D:3      | Reached skill level 3 in Maces & Flails
  1934 | D:3      | Found a basalt altar of Yredelemnul.
  1938 | D:3      | Noticed a necrophage
  1951 | D:3      | Killed a necrophage
  2139 | D:3      | Found a glowing silver altar of Zin.
  2392 | D:3      | Noticed a centaur
  2411 | D:3      | Killed a centaur
  2411 | D:3      | Reached skill level 4 in Maces & Flails
  2411 | D:3      | Gained mutation: You have razor-sharp teeth. [Vine Stalker
                  | growth]
  2411 | D:3      | Reached XP level 6. HP: 27/36 MP: 7/7
  2544 | D:4      | Noticed an orc warrior
  2595 | D:4      | Noticed a sky beast
  2664 | D:4      | Got a fine ruby amulet
  2665 | D:4      | Identified the cursed amulet of Egoduer {Inacc rElec} (You
                  | found it on level 4 of the Dungeon)
  2798 | D:3      | HP: 1/37 [orc warrior/+0 battleaxe (16)]
  2962 | D:3      | Killed an orc warrior
  2962 | D:3      | Reached XP level 7. HP: 36/41 MP: 8/8
  3041 | D:4      | Reached skill level 5 in Maces & Flails
  3041 | D:4      | Reached skill level 5 in Dodging
  3424 | D:5      | Entered Level 5 of the Dungeon
  3424 | D:5      | Noticed Prince Ribbit
  3602 | D:4      | Killed Prince Ribbit
  3602 | D:4      | Gained mutation: You have acidic saliva. [Jungle Stalker
                  | growth]
  3602 | D:4      | Gained mutation: Your system is resistant to poisons.
                  | (rPois) [Jungle Stalker growth]
  3602 | D:4      | Reached XP level 8. HP: 35/48 MP: 8/9
  3719 | D:5      | Reached skill level 6 in Maces & Flails
  3915 | D:5      | Found a shimmering altar of Xom.
  3915 | D:5      | Found a sacrificial altar of Ru.
  4008 | D:5      | Found a shattered altar of Ashenzari.
  4139 | D:5      | Found an iron altar of Okawaru.
  4139 | D:5      | Found a bloodstained altar of Trog.
  4210 | D:5      | Found a glowing golden altar of the Shining One.
  4236 | D:5      | Became a worshipper of Warmaster Okawaru
  4512 | D:6      | Reached skill level 7 in Maces & Flails
  4551 | D:6      | Reached skill level 5 in Fighting
  4551 | D:6      | Reached XP level 9. HP: 52/54 MP: 10/10
  4751 | D:6      | Found a burning altar of Makhleb.
  4927 | D:5      | Reached * piety under Okawaru
  5007 | D:5      | Reached skill level 8 in Maces & Flails
  5074 | D:6      | Found a staircase to the Ecumenical Temple.
  5237 | D:6      | Slain by an orc warrior

Skill      XL: |  1  2  3  4  5  6  7  8  9 |
---------------+----------------------------+-----
Maces & Flails | 1 2 4 5 7 8 |  8.0
Fighting       | 1 2 3 4 5 |  5.6
Dodging        | 4 5 6 |  6.9
Stealth        | |  4.4

Action                   |  1- 3 |  4- 6 |  7- 9 || total
-------------------------+-------+-------+-------++-------
Melee: Whip              |   149 |   178 |   370 ||   697
       Bite              |     5 |    21 |    48 ||    74
 Abil: Evoke Blink       |       |       |     1 ||     1
Evoke: Wand              |       |       |     7 ||     7
  Use: Potion            |     1 |     4 |     2 ||     7
       Scroll            |     5 |     2 |     1 ||     8
 Stab: Sleeping          |    13 |     4 |     8 ||    25
       Invisible         |       |       |     4 ||     4
       Distracted        |       |       |     1 ||     1
  Eat: Chunk             |     5 |     8 |    16 ||    29
Armor: Robe              |    37 |    19 |    56 ||   112
Dodge: Dodged            |    98 |    99 |   219 ||   416
Block: Other             |       |    20 |    52 ||    72
       Reflection        |       |     2 |     2 ||     4
